 Dungeon Crawl Stone Soup version 0.26-a0-812-g31a745ddcd (webtiles) character file.

Game seed: 5372275151478035734

1836 loralnil the Insei (level 9, 0/79 HPs)
             Began as a Gnoll Transmuter on Dec 9, 2020.
             Was a Believer of Cheibriados.
             Slain by Harold
             ... wielding a +2 glaive of pain
              (1 damage)
             ... on level 7 of the Dungeon.
             The game lasted 00:11:50 (8949 turns).

loralnil the Insei (Gnoll Transmuter)               Turns: 8949, Time: 00:11:51

Health: 0/79       AC:  6    Str: 18    XL:     9   Next: 11%
Magic:  16/18      EV: 15    Int: 22    God:    Cheibriados [**....]
Gold:   176        SH:  0    Dex: 25    Spells: 10/20 levels left

rFire    . . .     SeeInvis .     - Unarmed
rCold    + + +     Faith    .   (shield currently unavailable)
rNeg     . . .     Spirit   .   (armour currently unavailable)
rPois    +         Reflect  .   (helmet currently unavailable)
rElec    .         Harm     .   (cloak currently unavailable)
rCorr    .         Rampage  .   (gloves currently unavailable)
MR       +....                  (boots currently unavailable)
Stlth    ++++......             (no amulet)
HPRegen  0.23/turn              y - ring "Teussoapn" {rF+ rC+ MR+ Dex+6 Stlth+}
MPRegen  0.16/turn              (no ring)

@: about to teleport, ice-form, very slow
A: large, distributed training, strong nose
a: End Transformation, Bend Time, Renounce Religion


You were on level 7 of the Dungeon.
You worshipped Cheibriados.
Cheibriados was pleased with you.
You were a creature of crystalline ice.
You visited 2 branches of the dungeon, and saw 8 of its levels.
You also visited: Sewer.

You collected 372 gold pieces.
You spent 196 gold pieces at shops.

Inventory:

Armour
 a - a +0 robe (melded)
 c - a +0 buckler (melded)
 o - a +0 cloak (melded)
 t - a +0 helmet (melded)
 w - a +0 pair of boots (melded)
Jewellery
 y - the ring "Teussoapn" (left front paw) {rF+ rC+ MR+ Dex+6 Stlth+}
   (You bought it in a shop on level 6 of the Dungeon)

   [ring of dexterity]

   It affects your dexterity (+6).
   It protects you from fire.
   It protects you from cold.
   It affects your resistance to hostile enchantments.
   It makes you more stealthy.
Wands
 z - a wand of disintegration (5)
Scrolls
 f - a scroll of remove curse
 g - a scroll of immolation {unknown}
 h - a scroll of random uselessness {unknown}
 i - 4 scrolls of teleportation
 j - 2 scrolls of amnesia {unknown}
 l - a scroll of noise {unknown}
 p - 2 scrolls of blinking {unknown}
 v - a scroll of enchant weapon {unknown}
 x - a scroll of magic mapping {unknown}
Potions
 b - 4 potions of curing
 d - a potion of magic {unknown}
 e - a potion of mutation
 k - 2 potions of heal wounds
 m - a potion of attraction
 n - a potion of lignification
 q - 2 potions of brilliance {unknown}
 r - 2 potions of might
 s - 2 potions of flight
 u - 2 potions of invisibility {unknown}


   Skills:
 + Level 4.7 Fighting
 + Level 3.9 Short Blades
 + Level 3.9 Long Blades
 + Level 3.9 Axes
 + Level 3.9 Maces & Flails
 + Level 3.9 Polearms
 + Level 3.9 Staves
 + Level 3.9 Slings
 + Level 3.9 Bows
 + Level 3.9 Crossbows
 + Level 3.9 Throwing
 + Level 3.9 Armour
 + Level 6.1 Dodging
 + Level 3.9 Stealth
 + Level 3.9 Shields
 + Level 7.7 Unarmed Combat
 + Level 6.4 Spellcasting
 + Level 3.2 Conjurations
 + Level 3.2 Hexes
 + Level 3.2 Summonings
 + Level 3.2 Necromancy
 + Level 3.2 Translocations
 + Level 5.0 Transmutations
 + Level 3.2 Fire Magic
 + Level 3.2 Ice Magic
 + Level 3.2 Air Magic
 + Level 3.2 Earth Magic
 + Level 3.2 Poison Magic
 + Level 4.3 Invocations
 + Level 3.9 Evocations


You had 10 spell levels left.
You knew the following spells:

 Your Spells              Type           Power        Failure   Level
a - Beastly Appendage     Tmut           ####..       1%          1
b - Wereblood             Tmut           ####....     1%          2
c - Spider Form           Tmut/Pois      ####......   4%          3
d - Ice Form              Ice/Tmut       ####....     16%         4

Your spell library contained the following spells:

 Spells                   Type           Power        Failure   Level
 Corona                   Hex            ###....      2%          1
 Ensorcelled Hibernation  Hex/Ice        ###...       3%          2
 Confusing Touch          Hex            ###.....     7%          3
 Dazzling Flash           Conj/Hex       ###...       7%          3
 Tukima's Dance           Hex            ###.....     7%          3
 Blade Hands              Tmut           ####......   30%         5


Dungeon Overview and Level Annotations

Branches:
Dungeon (7/15)             Temple (1/1) D:5           Sewer (visited)

Altars:
Ashenzari
Cheibriados
Dithmenos
Elyvilon
Gozag
Makhleb
Nemelex Xobeh
Okawaru
Qazlal
Ru
Sif Muna
Trog
Uskayaw
Vehumet
Wu Jian
Xom
Yredelemnul
Zin
The Shining One

Shops:
D:6 **[(

Annotations:
D:7 Harold


Innate Abilities, Weirdness & Mutations

Your experience applies equally to all skills.
((You have very sharp teeth.))
Your uncanny sense of smell can sniff out nearby items.


Message History

The orc priest looks braver for a moment.
The gnoll hits you with a +0 spear.
* * * LOW HITPOINT WARNING * * *
You pummel the gnoll!! You freeze the gnoll.
You kill the gnoll!
Cheibriados appreciates the change of pace.
Harold points at you and mumbles some strange words.
You barely resist. You hit the centaur. You freeze the centaur.
The centaur is lightly wounded.
The centaur unwields a +0 shortbow.
The centaur misses you. Harold completely misses you.
As you read the scroll of teleportation, it crumbles to dust.
You feel strangely unstable. The centaur completely misses you.
The gnoll completely misses you.
An orc priest comes into view. It is wielding a +0 mace.
Harold hits you from afar with a +2 glaive of pain!
* * * LOW HITPOINT WARNING * * *
You writhe in agony.
You die...

#.....o##.### #..
#..#.##...## .(
#..#.##..... #..
#....#o....# #..
#.oo......## #.#
##.........## #..##
##o.o.#..#....
#...####ooo.#######..
#...Ycgo.{o.# ##.
######@ooo..# #.
########


You could see Harold, an orc warrior, a centaur, 3 orc priests, a gnoll and 5
orcs.

Vanquished Creatures
  3 sky beasts
  An ice beast (D:6)
  3 ogres
  2 phantoms (D:6)
  2 centaurs (D:6)
  3 howler monkeys
  2 orc priests (D:5)
  3 jellies
  A hound (D:5)
  2 orc wizards
  A centaur skeleton (D:6)
  Jessica (D:3)
  2 iguanas
  3 worker ants
  A worker ant zombie (D:5)
  12 gnolls
  7 adders
  2 river rats (D:3)
  4 oozes
  2 adder skeletons
  3 worms
  4 dart slugs
  6 leopard geckos
  12 orcs
  9 giant cockroaches
  7 goblins
  4 hobgoblins
  8 jackals
  2 quokkas
  A ball python (D:3)
  A ball python skeleton (D:3)
  8 bats
  15 frilled lizards
  A jackal skeleton (D:5)
  11 kobolds
  A leopard gecko skeleton (D:4)
  A quokka skeleton (D:6)
  11 rats
  A bush (D:3)
163 creatures vanquished.

Notes
Turn   | Place    | Note
-------+----------+-------------------------------------------
     0 | D:1      | loralnil the Gnoll Transmuter began the quest for the Orb.
     0 | D:1      | Reached XP level 1. HP: 17/17 MP: 6/6
   311 | D:1      | Reached XP level 2. HP: 23/23 MP: 5/7
   542 | D:1      | Learned a level 2 spell: Wereblood
   800 | D:1      | Reached XP level 3. HP: 28/28 MP: 7/9
   826 | D:1      | Reached skill level 5 in Spellcasting
  1233 | D:1      | Reached skill level 1 in Invocations
  1596 | D:2      | Found a sparkling altar of Nemelex Xobeh.
  1807 | D:2      | Reached skill level 1 in Short Blades
  1807 | D:2      | Reached skill level 1 in Long Blades
  1807 | D:2      | Reached skill level 1 in Axes
  1807 | D:2      | Reached skill level 1 in Maces & Flails
  1807 | D:2      | Reached skill level 1 in Polearms
  1807 | D:2      | Reached skill level 1 in Staves
  1807 | D:2      | Reached skill level 1 in Slings
  1807 | D:2      | Reached skill level 1 in Bows
  1807 | D:2      | Reached skill level 1 in Crossbows
  1807 | D:2      | Reached skill level 1 in Throwing
  1807 | D:2      | Reached skill level 1 in Armour
  1807 | D:2      | Reached skill level 1 in Stealth
  1807 | D:2      | Reached skill level 1 in Shields
  1807 | D:2      | Reached skill level 1 in Evocations
  1915 | D:2      | Reached XP level 4. HP: 28/34 MP: 9/11
  2350 | D:2      | Learned a level 3 spell: Spider Form
  2399 | D:3      | Found an iron altar of Okawaru.
  2411 | D:3      | Found a glowing drain.
  2418 | D:3      | Noticed Jessica
  2432 | D:3      | Reached skill level 1 in Conjurations
  2432 | D:3      | Reached skill level 1 in Hexes
  2432 | D:3      | Reached skill level 1 in Summonings
  2432 | D:3      | Reached skill level 1 in Necromancy
  2432 | D:3      | Reached skill level 1 in Translocations
  2432 | D:3      | Reached skill level 1 in Fire Magic
  2432 | D:3      | Reached skill level 1 in Ice Magic
  2432 | D:3      | Reached skill level 1 in Air Magic
  2432 | D:3      | Reached skill level 1 in Earth Magic
  2432 | D:3      | Reached skill level 1 in Poison Magic
  2445 | D:3      | Killed Jessica
  2445 | D:3      | Reached XP level 5. HP: 28/40 MP: 8/12
  2455 | Sewer    | Entered a sewer
  4204 | D:4      | Reached XP level 6. HP: 27/47 MP: 13/13
  4429 | D:4      | Learned a level 4 spell: Ice Form
  5046 | D:4      | Reached skill level 5 in Dodging
  5527 | D:4      | Reached XP level 7. HP: 52/52 MP: 15/15
  5553 | D:5      | Entered Level 5 of the Dungeon
  5656 | D:5      | Reached skill level 7 in Unarmed Combat
  5773 | D:5      | Found a bloodstained altar of Trog.
  5868 | D:5      | Found a staircase to the Ecumenical Temple.
  5884 | Temple   | Entered the Ecumenical Temple
  5959 | Temple   | Became a worshipper of Cheibriados the Contemplative
  6340 | D:5      | Found a bloodstained altar of Trog.
  6755 | D:5      | Found a shimmering altar of Xom.
  6959 | D:5      | Reached XP level 8. HP: 32/60 MP: 14/16
  7110 | D:5      | Found an opulent altar of Gozag.
  7210 | D:5      | Found a shimmering altar of Xom.
  7211 | D:5      | Found a shimmering altar of Xom.
  7213 | D:5      | Found a shimmering altar of Xom.
  7436 | D:6      | Found Ipir's Assorted Antiques.
  7443 | D:6      | Bought a scroll of identify for 56 gold pieces
  7443 | D:6      | Bought a glittering brass ring for 140 gold pieces
  7443 | D:6      | Identified the ring "Teussoapn" {rF+ rC+ MR+ Dex+6 Stlth+}
                  | (You bought it in a shop on level 6 of the Dungeon)
  7445 | D:6      | Found a radiant altar of Vehumet.
  7652 | D:6      | Reached * piety under Cheibriados
  8000 | D:6      | Found a glowing silver altar of Zin.
  8099 | D:6      | Found Awyh's Antique Armour Emporium.
  8114 | D:6      | Found a burning altar of Makhleb.
  8158 | D:6      | Noticed an Executioner
  8162 | D:6      | Noticed an angel
  8175 | D:6      | Found Zunaklos's Antique Weapon Shoppe.
  8232 | D:6      | Found Plog's General Store.
  8378 | D:6      | Reached skill level 5 in Transmutations
  8378 | D:6      | Reached XP level 9. HP: 66/66 MP: 15/18
  8444 | D:7      | Noticed Harold
  8939 | D:7      | Reached ** piety under Cheibriados
  8949 | D:7      | HP: 1/79 [Harold/+2 glaive of pain (9)]
  8949 | D:7      | Slain by Harold

Illustrated notes

Levels and vault maps discovered:
D:1:      dpeg_arrival_prison, layout_basic, minivault_11
D:2:      layout_basic, nemelex_xobeh_ov_fountains_minmay,
          minmay_misc_feat_tower, minmay_splitting_lines, dk_noncrumbling_2
D:3:      layout_loops_corners, okawaru_ov_weapons_minmay, portal_sewer_entry_a,
          minmay_hedge_maze, solitary_fountain, chequers_jeans, uniq_jessica
D:4:      layout_basic, minmay_misc_feat_nine_boxes, roderic_serpentine_path
D:5:      layout_gridville, xom_redecorated, bloody_trog,
          nicolae_overflow_crystal_walls, minmay_temple_entry_offerings,
          basic_altar
D:6:      layout_loops_ring, grunt_temple_overflow_order_and_chaos_2,
          overflow_temple_1_default, serial_shops, shop, shop, kennysheep_mini,
          shop
D:7:      layout_cave_pools, kennysheep_little_box, serial_gnoll_camp,
          gnoll_camp_mini_hut, gnoll_camp_mini_shop, gnoll_camp_medium_01,
          gnoll_camp_mini_sergeant, enter_ossuary_3, uniq_harold,
          uniq_crazy_yiuf_cottage, uniq_joseph, uniq_maggie
Temple:   jpeg_temple_clearing

Skill      XL: |  1  2  3  4  5  6  7  8 |
---------------+-------------------------+-----
Spellcasting   | 5 6 |  6.4
Invocations    | 1 2 3 4 |  4.3
Short Blades   | 1 2 3 |  3.9
Long Blades    | 1 2 3 |  3.9
Axes           | 1 2 3 |  3.9
Maces & Flails | 1 2 3 |  3.9
Polearms       | 1 2 3 |  3.9
Staves         | 1 2 3 |  3.9
Slings         | 1 2 3 |  3.9
Bows           | 1 2 3 |  3.9
Crossbows      | 1 2 3 |  3.9
Throwing       | 1 2 3 |  3.9
Armour         | 1 2 3 |  3.9
Stealth        | 1 2 3 |  3.9
Shields        | 1 2 3 |  3.9
Evocations     | 1 2 3 |  3.9
Conjurations   | 1 2 3 |  3.2
Hexes          | 1 2 3 |  3.2
Summonings     | 1 2 3 |  3.2
Necromancy     | 1 2 3 |  3.2
Translocations | 1 2 3 |  3.2
Fire Magic     | 1 2 3 |  3.2
Ice Magic      | 1 2 3 |  3.2
Air Magic      | 1 2 3 |  3.2
Earth Magic    | 1 2 3 |  3.2
Poison Magic   | 1 2 3 |  3.2
Fighting       | 3 4 |  4.7
Transmutations | 4 5 |  5.0
Dodging        | 5 6 |  6.1
Unarmed Combat | 7 |  7.7

Action                   |  1- 3 |  4- 6 |  7- 9 || total
-------------------------+-------+-------+-------++-------
Melee: Unarmed           |    85 |   210 |   191 ||   486
       Kick              |    18 |    37 |    37 ||    92
       Headbutt          |    14 |    33 |    17 ||    64
       Bite              |     4 |    17 |    25 ||    46
       Punch             |     1 |     2 |       ||     3
 Cast: Beastly Appendage |    33 |    38 |    17 ||    88
       Spider Form       |       |     6 |    12 ||    18
       Ice Form          |       |       |     3 ||     3
  Use: Scroll            |       |     7 |     4 ||    11
 Stab: Sleeping          |     2 |     5 |     2 ||     9
       Distracted        |       |       |     1 ||     1
Armor: Robe              |     9 |    13 |     3 ||    25
       Skin              |       |       |    16 ||    16
Dodge: Dodged            |    56 |    96 |   138 ||   290
Block: Buckler           |       |     7 |    18 ||    25

Table legend: (Time is in decaauts)
 A = Elapsed time spent in this place.
 B = Non-inter-level travel time spent in this place.
 C = Inter-level travel time spent in this place.
 D = Time resting spent in this place.
 E = Time spent auto-exploring this place.
 F = Levels seen in this place.
 G = Mean time per level.
                   A        B        C        D        E       F      G
               +--------+--------+--------+--------+--------+-----+--------+
         Total |   9278 |   9147 |    131 |    380 |   7284 |   9 | 1030.9 |
       Dungeon |   8643 |   8512 |    131 |    380 |   6827 |   7 | 1234.7 |
        Temple |     89 |     89 |      0 |      0 |     67 |   1 |   89.0 |
         Sewer |    545 |    545 |      0 |      0 |    389 |   1 |  545.0 |
               +--------+--------+--------+--------+--------+-----+--------+

Top non-repeatable levels by time:
     D:6: 1831 daAuts
     D:5: 1722 daAuts
     D:1: 1517 daAuts
     D:4: 1355 daAuts
     D:3: 1296 daAuts
     D:2: 852 daAuts
   Sewer: 545 daAuts
  Temple: 89 daAuts
     D:7: 69 daAuts
